Map: [ESL] Solaris

Players

GunGFuBanDa - Winner!

  • Race: Protoss Protoss
  • Spawn Location: 1:00

Krystianer

  • Race: Protoss Protoss
  • Spawn Location: 7:00

Event: ESL SC2 Masters 2023 Winter (Regional)

VOD

Have the link to the VOD?

Description

Time

  • Played on: Nov. 11, 2023, 10:57 a.m.
  • Length: 11:48

All games in this series

Show
View Real Time Build Order
Export as new Build Order

GunGFuBanDa Protoss - Winner!

Build Orders:  

Get SALT Encoding   

  12  0:00  Probe  
  13  0:12  Probe  
  14  0:18  Pylon  
  14  0:24  Probe (Chrono Boost)  
  15  0:36  Gateway  
  15  0:38  Probe (Chrono Boost)  
  16  0:44  Probe (Chrono Boost)  
  16  0:46  Assimilator  
  17  0:52  Probe (Chrono Boost)  
  17  0:54  Assimilator  
  18  1:05  Probe (Chrono Boost)  
  18  1:06  Gateway  
  19  1:14  Probe (Chrono Boost)  
  20  1:19  Probe  
  20  1:24  Cybernetics Core  
  21  1:31  Probe  
  22  1:33  Pylon  
  22  1:43  Probe  
  23  1:55  Probe  
  23  2:00  Warp Gate, Stalker x2  
  28  2:08  Probe  
  29  2:16  Pylon  
  29  2:25  Shield Battery  
  29  2:30  Stalker  
  29  2:34  Stalker  
  33  2:44  Robotics Facility  
  33  2:56  Shield Battery  
  32  3:09  Probe (Chrono Boost)  
  30  3:21  Probe (Chrono Boost)  
  30  3:36  Warp Prism, Probe  
  30  3:40  Gateway  
  33  3:51  Sentry, Stalker  
  33  3:54  Pylon  
  37  4:02  Probe  
  38  4:15  Observer  
  38  4:16  Stalker x2  
  43  4:28  Pylon  
  44  4:41  Stalker  
  44  4:42  Stalker  
  47  4:46  Probe  
  48  4:55  Stalker  
  50  5:05  Observer  
  50  5:15  Probe  
  50  5:18  Stalker  
  50  5:20  Twilight Council  
  53  5:34  Stalker  
  55  5:49  Blink (Chrono Boost)  
  55  5:53  Pylon  
  55  6:17  Stalker x3  
  61  6:32  Observer  
  61  6:39  Nexus  
  59  6:55  Stalker x2  
  59  6:59  Shield Battery  
  59  7:00  Shield Battery  
  63  7:07  Shield Battery  
  63  7:49  Pylon  
  64  7:51  Forge, Probe  
  64  7:52  Observer, Stalker x3  
  70  8:03  Probe (Chrono Boost)  
  70  8:04  Probe (Chrono Boost)  
  74  8:13  Probe x2 (Chrono Boost)  
  74  8:18  Probe (Chrono Boost)  
  72  8:23  Stalker x3  
  67  8:29  Protoss Ground Weapons Level 1 (Chrono Boost)  
  67  8:48  Observer  
  68  8:56  Photon Cannon, Stalker  
  70  9:07  Sentry, Stalker  
  74  9:16  Probe  
  75  9:25  Stalker  
  75  9:28  Pylon  
  75  9:30  Stalker x2  
  81  9:48  Gateway  
  81  9:51  Gateway  
  81  9:58  Stalker x2  
  85  10:02  Assimilator  
  85  10:07  Immortal (Chrono Boost)  
  85  10:09  Stalker  
  89  10:24  Pylon  
  85  10:53  Warp Prism (Chrono Boost)  
  85  10:54  Stalker x5  
  93  11:05  Assimilator  
  84  11:30  Stalker x5  
Show
View Real Time Build Order
Export as new Build Order

Krystianer Protoss 

Build Orders: Oracle Opening 

Get SALT Encoding   

  12  0:00  Probe  
  13  0:12  Probe  
  14  0:17  Pylon  
  14  0:24  Probe (Chrono Boost)  
  16  0:37  Gateway, Probe (Chrono Boost)  
  16  0:43  Probe (Chrono Boost)  
  16  0:46  Assimilator  
  17  0:51  Probe  
  17  0:54  Assimilator  
  18  1:03  Probe (Chrono Boost)  
  19  1:07  Gateway  
  19  1:12  Probe (Chrono Boost)  
  19  1:17  Probe (Chrono Boost)  
  20  1:24  Cybernetics Core  
  21  1:29  Probe  
  22  1:38  Pylon  
  22  1:41  Probe  
  23  1:56  Probe  
  23  2:00  Stargate  
  24  2:03  Adept  
  24  2:04  Adept  
  29  2:13  Pylon  
  29  2:14  Warp Gate  
  28  2:17  Probe  
  29  2:29  Probe  
  30  2:41  Oracle (Chrono Boost)  
  33  2:50  Pylon  
  33  2:55  Stalker  
  35  3:02  Probe  
  35  3:12  Stalker, Pylon  
  35  3:13  Pylon  
  31  3:47  Probe  
  32  3:50  Nexus  
  32  3:57  Robotics Facility  
  32  3:59  Shield Battery  
  32  4:02  Sentry  
  34  4:09  Oracle (Chrono Boost)  
  37  4:13  Probe  
  38  4:27  Stalker  
  37  4:33  Stalker  
  40  4:43  Immortal (Chrono Boost)  
  43  5:16  Immortal (Chrono Boost)  
  47  5:24  Nexus  
  47  5:26  Pylon  
  47  5:32  Gateway  
  47  5:34  Probe  
  48  5:46  Probe  
  48  5:48  Pylon  
  49  5:51  Gateway  
  49  5:53  Warp Prism (Chrono Boost)  
  51  5:59  Probe  
  52  6:06  Pylon  
  52  6:11  Probe  
  53  6:18  Sentry  
  53  6:25  Immortal (Chrono Boost)  
  55  6:29  Probe  
  60  6:41  Probe  
  61  6:48  Sentry  
  61  6:49  Sentry  
  65  7:01  Probe  
  66  7:02  Twilight Council  
  66  7:05  Assimilator  
  66  7:13  Stalker x2, Probe  
  66  7:14  Stalker  
  71  7:26  Probe  
  67  7:38  Probe  
  68  7:49  Sentry x2  
  68  7:50  Probe  
  69  7:53  Pylon  
  69  7:54  Adept  
  71  8:02  Blink (Chrono Boost), Probe  
  72  8:14  Probe  
  73  8:21  Gateway  
  73  8:23  Immortal  
  73  8:26  Gateway  
  63  8:27  Gateway  
  59  8:36  Stalker x2  
  59  8:40  Stalker  
  63  8:44  Shield Battery  
  63  8:52  Probe  
  61  9:03  Stalker x3  
  67  9:17  Gateway  
  65  9:26  Stalker x3  
  71  9:35  Stalker x2  
  75  9:39  Stalker  
  77  9:52  Pylon  
  77  9:53  Observer  
  77  9:55  Stalker x2  
  82  10:07  Shield Battery  
  82  10:19  Stalker x2  
  82  10:20  Stalker  
  88  10:24  Stalker  
  90  10:32  Stalker x2  
  94  10:38  Zealot  
  84  10:50  Zealot x2  
  86  11:03  Stalker x2  
  90  11:05  Observer  
  91  11:15  Stalker  
  91  11:16  Stalker  
  83  11:22  Zealot x2  
  77  11:28  Zealot  
  66  11:37  Zealot x2  
  48  11:42  Zealot  
Tags
 
Add a new tag
Caveats
  • Supply blocks, unpowered buildings, or Contaminate may cause inaccurate times.
  • Supply counts are checked every 10 seconds.